[Event "Saint Louis Norm Congress-IM 2022"]
[Site "Saint Louis"]
[Date "2022.05.24"]
[Round "9.5"]
[White "Antova, Gabriela"]
[Black "Tokhirjonova, Gulrukhbegim"]
[Result "1-0"]
[ECO "C01"]
[WhiteElo "2293"]
[BlackElo "2337"]
[Annotator "TA"]
[PlyCount "129"]
[EventDate "2022.05.20"]
[EventType "tourn"]
[EventCountry "USA"]
[SourceTitle "playchess.com"]
[Source "ChessBase"]
[SourceQuality "1"]
[TimeControl "5400+30"]

1. d4 e6 2. c4 b6 3. e4 Bb4+ 4. Bd2 Bxd2+ 5. Qxd2 d5 6. cxd5 {[%emt 0:05:13] C01: French: Exchange Variation.} exd5 7. e5 Ne7 8. Nc3 {[%emt 0:06:37] The position is equal.} O-O 9. Bd3 c5 10. Nge2 Nbc6 11. f4 {[%emt 0:06:12] [#]} a6 $146 (11... f6 {keeps more tension.} 12. O-O fxe5 13. fxe5 Rxf1+ 14. Rxf1 cxd4 15. Nb5 Nxe5 16. Nexd4 Bd7) ({Predecessor:} 11... f6 12. exf6 Rxf6 13. O-O c4 14. Bc2 a6 15. Ng3 Nf5 16. Nce2 b5 17. Rae1 Qb6 {0-1 (48) Vitiugov,N (2747)-Salgado Lopez,I (2605) Moscow 2019}) 12. Bc2 Bf5 13. O-O-O cxd4 (13... Bxc2 $17 14. Qxc2 Qd7) 14. Nxd4 $11 Nxd4 15. Qxd4 Bxc2 16. Kxc2 Nc6 17. Qf2 ({White should try} 17. Qa4 $14 b5 18. Qb3) 17... d4 {[%emt 0:00:19] Hoping for ...f6.} 18. Kb1 f6 19. e6 Qd6 (19... Qe7 $11 20. Ne2 Qxe6 21. Nxd4 Nxd4 22. Rxd4 Rfe8) 20. f5 $14 Rac8 21. a3 ({Better is} 21. Rhe1 $16) 21... Rfd8 $11 22. Rhe1 Ne7 (22... Ne5 $11) 23. Ne4 {[%emt 0:00:38] White is more active.} Qd5 (23... Qe5 $1 $14) 24. g4 $16 d3 25. Rd2 ({Only move:} 25. Qxb6 $16 {Threatens to win with g5.} Qe5 26. Qb3) 25... Rc4 $2 {[%emt 0:03:42] [#]} (25... Qb3 $11) 26. Qxb6 $1 $18 h6 (26... Rc6 27. Qa7) 27. Nf2 Rd4 28. Red1 (28. Qxa6 Ra8 29. Qb6 h5 $18) 28... Qf3 (28... Qd6 $142 29. Qa7 Rc8 30. Rxd3 Rxd3 31. Nxd3 Rc7) 29. Qc7 Re8 30. Ka1 (30. Nxd3 Qxg4 31. Nc5 Qxf5+ 32. Ka1 Rxd2 33. Rxd2 Kh7 $11) 30... h5 31. h3 (31. Nxd3 hxg4 32. Nb4 (32. Qa7 Qd5 $11) 32... Rxd2 33. Rxd2 Qxf5 $18) 31... h4 32. Qa7 Qe3 (32... Qf4 $142 33. Rxd3 (33. Nxd3 Qd6 $18) 33... Rxd3 34. Nxd3 Qf3) 33. Qxa6 Rc8 $2 (33... Kf8 34. Qa7 Re4) 34. Rxd3 $2 (34. Qa7 $18) 34... Rxd3 $14 35. Nxd3 Rd8 {[%emt 0:00:34] Inhibits Qd6.} 36. Qc4 (36. Qb5 $1 $16 ) 36... Qe2 $2 (36... Qxh3 $11 {and Black is okay.} 37. Ka2 Qf3) 37. Qb3 $18 Qf3 {[%emt 0:01:01] Prevents Nf2.} (37... Rd4 $142 38. a4 Qf3) 38. Ka2 Rd4 {[%emt 0:01:26] [#]} 39. a4 (39. Qb8+ Kh7 $18) (39. Nf2 $142 $1 Qxf2 40. Qb6) 39... Kh7 40. Rd2 $2 ({White has to play} 40. a5 $18) 40... Qa8 {[%emt 0:01:30] [#]} (40... Qxh3 $11 {remains equal.} 41. Qd1 Qe3) 41. Ka3 $1 $16 {[%emt 0:00:23] Rc2 is the strong threat. White stays focused until the end.} Nc6 $2 (41... Qh1 $16 42. Rd1 Qf3) 42. Rc2 Qf8+ {[%emt 0:02:30] [#]} 43. Nc5 $1 ({Inferior is} 43. Ka2 Rxd3 44. Rc3 (44. Rxc6 $2 Rxb3 45. Kxb3 Qb8+ 46. Ka3 Qe5 $19) (44. e7 $2 Qxe7 45. Rc3 Rxh3 $19) 44... Nb4+ 45. Kb1 Rd4 $17) 43... Qd6 $2 (43... Rd1 44. Ka2 Nd4) 44. Rc3 $18 Rd1 {[%emt 0:00:44] aiming for ...Ra1+.} 45. Ka2 {[%emt 0:00:46] Prevents Ra1+.} Qd4 46. Qc4 (46. Nd3 Qg1 47. Qd5 (47. Ne1 $2 Rxe1 48. Ka3 Ra1+ 49. Qa2 Rxa2+ $19) 47... Nb4+ 48. Nxb4 Rxd5 49. Nxd5 Qd4 $18) 46... Qg1 47. Nb3 Rd6 48. Qc5 Qd1 49. Qb5 Qh1 50. Ka3 Qe4 51. Qc5 Qf4 52. Qb5 Qe4 53. Qc4 Qh1 54. Qf4 Rd1 55. Rc1 Rxc1 56. Qxc1 {[%emt 0:00:11][%mdl 4096] Endgame KQN-KQN} Qe4 57. Qc3 Kg8 58. a5 Ne5 59. Qc8+ Kh7 60. e7 Nc4+ {[%emt 0:01:03] [#]} 61. Qxc4 $3 Qxe7+ 62. Qb4 Qe2 63. Qc3 Qf1 64. Ka2 Qb5 65. Nc5 {[%emt 0:00:46] Weighted Error Value: White=0.60/Black=0.89} 1-0